 Dungeon Crawl Stone Soup version 0.28.0-53-g5a82cb258f (webtiles) character file.

Game seed: 12668352678927858065

86 gobodom the Chopper (level 4, -3/34 HPs)
             Began as a Demonspawn Gladiator on June 10, 2022.
             Slain by a gnoll
             ... wielding a +0 flail
              (5 damage)
             ... on level 3 of the Dungeon.
             The game lasted 00:09:12 (2093 turns).

gobodom the Chopper (Demonspawn Gladiator)          Turns: 2093, Time: 00:09:13

Health: -3/34      AC:  4    Str: 19    XL:     4   Next: 26%
Magic:  4/4        EV: 12    Int: 12    God:
Gold:   92         SH:  0    Dex: 14    Spells: 1/3 levels left

rFire   + . .      SeeInvis .   f - +1 dagger (venom)
rCold   . . .      Faith    .   (no shield)
rNeg    . . .      Spirit   .   b - +0 leather armour
rPois   .          Reflect  .   c - +0 helmet
rElec   .          Harm     .   g - scarf {+Inv}
rCorr   +          Rampage  .   (no gloves)
Will    .....                   (no boots)
Stlth   ..........              (no amulet)
HPRegen 0.11/turn               o - ring "Wirocuv" {rF+ rCorr Str+5 Stlth-}
MPRegen 0.09/turn               (no ring)

@: flying
A: ignite blood 2
a: Evoke Invisibility


You were on level 3 of the Dungeon.
You visited 1 branch of the dungeon, and saw 3 of its levels.

You collected 92 gold pieces.

Inventory:

Hand Weapons
 a - a +0 war axe
 f - a +1 dagger of venom (weapon)
Armour
 b - a +0 leather armour (worn)
 c - a +0 helmet (worn)
 g - a scarf of invisibility (worn)
Jewellery
 o - the ring "Wirocuv" (left hand) {rF+ rCorr Str+5 Stlth-}
   (You found it on level 3 of the Dungeon)

   [ring of resist corrosion]

   Str:       It affects your strength (+5).
   rF:        It protects you from fire.
   rCorr:     It protects you from acid and corrosion.
   Stlth:     It makes you less stealthy.
Scrolls
 h - a scroll of enchant weapon {unknown}
 i - 2 scrolls of identify {unknown}
 j - a scroll of vulnerability {unknown}
 k - a scroll of silence {unknown}
 n - a scroll of immolation {unknown}
Potions
 e - a potion of flight
 l - a potion of haste {unknown}
 m - 2 potions of curing {unknown}


   Skills:
 + Level 2.7 Fighting
 + Level 3.2 Axes
 + Level 2.3 Throwing
 + Level 3.2 Dodging
 + Level 0.4 Spellcasting
 + Level 0.4 Conjurations
 + Level 0.3 Air Magic


You had one spell level left.
You knew the following spells:

 Your Spells              Type           Power      Damage    Failure   Level
a - Static Discharge      Conj/Air       1%         N/A       43%         2

Your spell library contained the following spells:

 Spells                   Type           Power      Damage    Failure   Level
 Lightning Bolt           Conj/Air       0%         1d11      100%        5
 Maxwell's Capacitive Co  Air            0%         ∞         100%        8


Dungeon Overview and Level Annotations

Branches:
Dungeon (3/15)

Altars:
Yredelemnul


Innate Abilities, Weirdness & Mutations

Your demonic aura often causes spilled blood to erupt in flames.


Message History

You feel sick. The adder closely misses you. The adder bites you.
You are more poisoned.
The adder poisons you!
You feel sick.
You closely miss the adder.
The adder is moderately wounded.
You feel sick. The adder bites you.
You are more poisoned.
The adder poisons you!
You hit the adder.
The adder is heavily wounded.
* * * LOW HITPOINT WARNING * * *
You feel sick. The adder closely misses you.
The adder bites you but does no damage.
You hit the adder.
The adder looks even sicker.
The adder is almost dead.
* * * LOW HITPOINT WARNING * * *
You feel sick. The adder bites you but does no damage.
You hit the adder but do no damage.
The adder looks as sick as possible!
The adder is almost dead.
* * * LOW HITPOINT WARNING * * *
You feel sick. The adder completely misses you.
* * * LOW HITPOINT WARNING * * *
You feel sick.
You kill the adder!
* * * LOW HITPOINT WARNING * * *
You feel sick.
* * * LOW HITPOINT WARNING * * *
You feel sick.
* * * LOW HITPOINT WARNING * * *
You feel sick.
It was a potion of flight.
You feel very buoyant.
You fly up into the air.
* * * LOW HITPOINT WARNING * * *
You feel sick.
You are no longer poisoned.
There is a stone staircase leading down here.
The gnoll hits you with a +0 flail.
You die...

#.# #.## #..# #######g##
#........# #........####
#........o..#
#########..#.#####
.......).....o.g@####
##########..........#
#.#####.##.### #..#
#.##...# ##.## #)####.#
#####..# #.# #.# #......#
#.# #.# #......###.####.#
#......#.....##.###########


You could see a gnoll and an orc.

Vanquished Creatures
  3 adders
  A gnoll (D:3)
  A worm (D:1)
  3 endoplasms
  8 goblins
  5 hobgoblins
  5 kobolds
  4 quokkas
  4 ball pythons
  3 bats
  2 frilled lizards
  2 rats
41 creatures vanquished.

Notes
Turn   | Place    | Note
-------+----------+-------------------------------------------
     0 | D:1      | gobodom the Demonspawn Gladiator began the quest for the
                  | Orb.
     0 | D:1      | Reached XP level 1. HP: 16/16 MP: 1/1
   181 | D:1      | Gained mutation: Your demonic aura sometimes causes spilled
                  | blood to erupt in flames. [demonic ancestry]
   181 | D:1      | Reached XP level 2. HP: 16/22 MP: 2/2
  1058 | D:2      | Reached XP level 3. HP: 28/28 MP: 3/3
  1064 | D:2      | Learned a level 2 spell: Static Discharge
  1078 | D:2      | Found a basalt altar of Yredelemnul.
  1639 | D:3      | Identified the ring "Wirocuv" {rF+ rCorr Str+5 Stlth-}
  2066 | D:3      | Gained mutation: Your demonic aura often causes spilled
                  | blood to erupt in flames. [demonic ancestry]
  2066 | D:3      | Reached XP level 4. HP: 22/34 MP: 2/4
  2079 | D:3      | HP: 1/34 [poisoned by an adder]
  2093 | D:3      | Slain by a gnoll

Illustrated notes

Levels and vault maps discovered:
D:1:      amcnicky_arrival_flooded_fountain, layout_loops_ring,
          nicolae_wormholes
D:2:      layout_rooms, basic_altar, corexii_hall_statues_i, grunt_ministairs_5
D:3:      layout_basic, serial_shops, shop_statue

Skill      XL: |  1  2 |
---------------+-------+-----
Throwing       | 2 |  2.3
Dodging        | 3 |  3.2
Axes           | 3 |  3.2
Fighting       | |  2.7
Spellcasting   | |  0.4
Conjurations   | |  0.4
Air Magic      | |  0.3

Action                   |  1- 3 |  4- 6 || total
-------------------------+-------+-------++-------
Melee: Dagger            |   109 |     7 ||   116
       War axe           |     1 |       ||     1
       Punch             |     2 |       ||     2
Throw: Throwing net      |     3 |       ||     3
 Cast: Static Discharge  |     3 |       ||     3
  Use: Potion            |       |     1 ||     1
Armor: Leather armour    |    33 |     3 ||    36
Dodge: Dodged            |    72 |     4 ||    76
